Map: Paisaje nocturno EE

Players

MrFercho - Winner!

  • Race: Zerg Zerg
  • League: Gold
  • Spawn Location: 1:00

TATORREA - Winner!

  • Race: Protoss Protoss
  • League: Gold
  • Spawn Location: 1:00

baddude

  • Race: Zerg Zerg
  • League: Silver
  • Spawn Location: 7:00

Sepharite

  • Race: Protoss Protoss
  • League: Silver
  • Spawn Location: 7:00

VOD

Have the link to the VOD?

Description

Time

  • Played on: July 25, 2020, 9:25 p.m.
  • Length: 9:25
Show
View Real Time Build Order
Export as new Build Order

MrFercho Zerg - Winner!

Build Orders: Hatch First 

Get SALT Encoding   

  12  0:01  Drone  
  13  0:13  Overlord  
  13  0:18  Drone  
  14  0:31  Drone x2  
  16  0:53  Hatchery  
  16  0:55  Drone  
  16  0:57  Drone  
  16  1:01  Drone  
  18  1:10  Extractor  
  17  1:18  Spawning Pool  
  17  1:19  Drone  
  17  1:23  Drone  
  18  1:28  Drone  
  19  1:44  Drone  
  20  1:51  Overlord  
  21  2:01  Drone  
  21  2:05  Queen  
  21  2:06  Queen  
  21  2:07  Drone  
  26  2:14  Metabolic Boost  
  26  2:16  Zergling x2  
  26  2:17  Zergling x2  
  26  2:22  Drone  
  29  2:27  Overlord  
  29  2:35  Drone  
  30  2:42  Drone  
  31  2:44  Queen  
  33  2:52  Lair  
  33  2:53  Drone x2  
  35  2:59  Drone x2  
  37  3:08  Drone  
  38  3:14  Baneling Nest  
  38  3:16  Drone x4  
  38  3:17  Drone  
  42  3:36  Zergling x4  
  42  3:39  Overlord x3  
  44  3:49  Extractor x2  
  44  3:50  Drone x2  
  44  4:10  Zergling x8  
  44  4:12  Drone x2  
  49  4:33  Centrifical Hooks  
  49  4:35  Drone x3  
  49  4:37  Drone  
  53  4:39  Drone  
  53  4:40  Drone  
  55  4:47  Overlord  
  55  4:48  Overlord  
  55  4:53  Hatchery  
  54  5:08  Baneling x4  
  54  5:09  Zergling x2  
  54  5:10  Zergling x8  
  54  5:12  Drone  
  60  5:21  Extractor, Hatchery  
  59  5:23  Drone x3  
  59  5:24  Hydralisk Den  
  60  5:33  Spore Crawler  
  60  5:35  Spore Crawler  
  58  6:09  Muscular Augments  
  58  6:22  Zergling x18  
  58  6:23  Hydralisk x3  
  58  6:24  Hydralisk x2  
  77  6:26  Baneling x2  
  77  6:27  Baneling x3  
  77  6:39  Evolution Chamber  
  76  6:41  Drone x2, Evolution Chamber  
  76  6:44  Drone x3  
  80  7:20  Grooved Spines  
  71  7:40  Zergling x2  
  71  7:41  Zergling x30  
  71  7:43  Overlord x2  
  71  7:44  Overlord x5  
  87  7:45  Overlord  
  83  8:31  Hydralisk x20  
  83  8:32  Hydralisk  
  114  9:03  Drone x13  
Show
View Real Time Build Order
Export as new Build Order

TATORREA Protoss - Winner!

Build Orders:  

Get SALT Encoding   

  12  0:02  Probe  
  13  0:14  Probe  
  14  0:23  Pylon  
  14  0:26  Probe  
  15  0:41  Probe  
  16  0:47  Gateway  
  16  0:58  Probe  
  16  1:03  Assimilator  
  17  1:06  Probe  
  17  1:08  Pylon  
  18  1:15  Probe  
  19  1:26  Probe  
  20  1:38  Probe  
  21  1:47  Nexus  
  21  1:52  Cybernetics Core  
  21  1:58  Probe  
  22  2:05  Assimilator  
  22  2:10  Probe  
  23  2:22  Gateway  
  23  2:24  Gateway  
  23  2:28  Pylon  
  23  2:41  Probe  
  23  2:43  Warp Gate  
  23  2:44  Stalker  
  26  2:55  Probe  
  27  2:59  Probe  
  28  3:06  Shield Battery  
  28  3:08  Shield Battery  
  28  3:10  Probe  
  28  3:12  Probe  
  30  3:14  Stalker  
  32  3:20  Stalker  
  32  3:26  Stalker  
  36  3:28  Probe  
  36  3:31  Probe  
  38  3:42  Twilight Council  
  38  3:47  Probe x2  
  40  3:50  Stalker  
  40  3:55  Sentry  
  44  3:59  Stalker  
  46  4:05  Probe x2  
  48  4:10  Charge  
  48  4:17  Probe x2  
  48  4:21  Gateway  
  50  4:29  Probe  
  51  4:40  Forge  
  51  4:41  Probe x2  
  53  4:46  Assimilator  
  53  4:50  Assimilator  
  53  4:53  Protoss Ground Weapons Level 1  
  53  4:54  Pylon  
  53  4:57  Pylon, Probe  
  54  5:06  Gateway  
  54  5:10  Robotics Facility  
  54  5:12  Probe  
  55  5:18  Zealot x2  
  55  5:19  Zealot x2  
  63  6:05  Immortal  
  67  6:17  Robotics Bay  
  67  6:21  Pylon  
  67  6:23  Probe x2  
  67  6:24  Pylon  
  69  6:30  Pylon  
  69  6:35  Probe  
  69  6:36  Gateway  
  69  6:38  Gateway  
  69  6:39  Probe  
  71  6:41  Gateway  
  71  6:44  Pylon  
  71  6:48  Zealot x3  
  71  6:49  Zealot x2  
  81  6:54  Pylon  
  81  6:56  Pylon  
  81  7:01  Protoss Shields Level 1  
  67  7:24  Zealot x5  
  73  8:06  Stalker  
  73  8:07  Stalker x4  
  73  8:08  Stalker x3  
  67  8:57  Stalker x2  
  67  8:58  Stalker x3  
  67  8:59  Stalker x3  
Show
View Real Time Build Order
Export as new Build Order

baddude Zerg 

Build Orders: Hatch First 

Get SALT Encoding   

  12  0:02  Drone  
  13  0:36  Drone  
  13  0:40  Hatchery  
  13  0:42  Overlord  
  13  0:54  Overlord  
  13  0:56  Drone  
  14  1:21  Drone x2  
  14  1:22  Drone  
  17  1:27  Spawning Pool  
  16  1:41  Extractor  
  16  1:42  Drone  
  16  1:55  Drone  
  16  1:56  Drone x2  
  19  2:05  Drone x2  
  21  2:18  Queen, Drone  
  24  2:24  Queen  
  24  2:26  Drone x2  
  28  2:38  Drone x2  
  30  2:48  Drone  
  31  2:52  Overlord x2  
  31  3:05  Roach Warren  
  31  3:07  Drone x2  
  31  3:11  Drone x2  
  34  3:27  Extractor  
  33  3:35  Evolution Chamber  
  33  3:37  Extractor, Drone x4  
  35  3:45  Zergling x4  
  35  3:46  Zergling x2  
  38  3:54  Drone x4  
  38  3:55  Drone  
  44  4:00  Overlord x3  
  44  4:22  Zerg Missile Weapons Level 1  
  44  4:25  Overlord  
  44  4:26  Overlord x3  
  44  5:02  Queen, Hatchery  
  45  5:08  Roach x10  
  45  5:09  Roach x3  
  71  5:20  Lair  
  71  5:33  Roach  
  71  5:34  Roach x5  
  83  5:49  Roach x3  
  93  5:50  Roach x2  
  93  5:52  Zergling x2  
  94  6:09  Drone x3  
  97  6:12  Extractor  
  97  6:15  Drone x2  
  97  6:17  Queen, Drone  
  101  6:30  Spire  
  101  6:31  Spore Crawler  
  99  6:34  Queen  
  99  6:35  Queen  
  103  6:41  Drone x2  
  105  6:53  Queen  
  55  7:30  Roach x2  
  55  7:31  Roach x15  
  55  7:32  Roach  
  91  7:43  Spine Crawler  
  80  8:04  Roach x3  
  80  8:05  Roach x3  
  60  8:14  Roach  
  51  8:23  Roach  
  51  8:25  Roach x4  
Show
View Real Time Build Order
Export as new Build Order

Sepharite Protoss 

Build Orders:  

Get SALT Encoding   

  12  0:01  Probe  
  13  0:15  Pylon  
  13  0:31  Probe  
  14  0:36  Gateway  
  14  0:41  Probe  
  14  0:46  Assimilator  
  15  0:50  Probe  
  16  1:03  Probe  
  16  1:07  Pylon  
  17  1:11  Probe  
  18  1:25  Cybernetics Core  
  18  1:32  Probe  
  19  1:37  Assimilator  
  19  1:44  Probe  
  20  1:48  Gateway  
  20  2:03  Probe  
  20  2:06  Warp Gate  
  21  2:14  Probe  
  21  2:22  Probe  
  23  2:43  Probe  
  24  2:45  Nexus  
  24  2:46  Stalker  
  24  2:48  Adept  
  28  3:06  Probe  
  28  3:10  Pylon  
  29  3:14  Stargate  
  29  3:18  Probe  
  30  3:28  Adept x2  
  30  3:30  Probe  
  35  3:45  Probe  
  36  3:56  Shield Battery  
  36  3:57  Probe  
  36  4:00  Oracle  
  40  4:09  Probe  
  41  4:21  Probe  
  41  4:23  Probe  
  41  4:33  Probe  
  41  4:34  Adept x2  
  41  4:35  Probe  
  47  4:40  Void Ray  
  51  4:45  Probe  
  52  5:30  Probe x2  
  52  5:42  Probe  
  52  5:43  Probe  
  48  5:59  Void Ray  
  48  6:02  Probe x2  
  54  6:20  Pylon  
  54  6:24  Forge, Pylon  
  54  6:27  Assimilator, Pylon  
  54  6:30  Pylon  
  54  6:31  Assimilator  
  54  6:38  Probe x2  
  56  6:43  Stalker x2, Oracle  
  63  6:50  Probe x2  
  65  6:58  Stargate  
  65  7:02  Fleet Beacon  
  65  7:03  Probe  
  65  7:04  Stargate  
  66  7:19  Probe x2  
  68  7:31  Pylon, Probe x2  
  68  7:33  Photon Cannon, Shield Battery  
  70  7:37  Pylon  
  70  7:44  Stalker x2, Nexus  
  74  7:59  Shield Battery  
  74  8:01  Carrier, Shield Battery  
  63  8:28  Stalker x2  
  65  8:52  Stalker  
  65  8:53  Stalker  
Tags
 
Add a new tag
Caveats
  • Supply blocks, unpowered buildings, or Contaminate may cause inaccurate times.
  • Supply counts are checked every 10 seconds.